 Dungeon Crawl Stone Soup version 0.21.0-3-g78d12a8 (webtiles) character file.

1085 AverageBear the Slasher (level 8, -2/56 HPs)
             Began as a Demonspawn Gladiator on Jan 13, 2018.
             Was an Initiate of Okawaru.
             Slain by an ogre
             ... wielding a +0 giant club
              (4 damage)
             ... on level 5 of the Dungeon.
             The game lasted 00:06:21 (5062 turns).

AverageBear the Slasher (Demonspawn Gladiator)      Turns: 5062, Time: 00:06:22

Health: -2/56      AC: 10    Str: 15    XL:     8   Next: 9%
Magic:  8/8        EV:  9    Int: 10    God:    Okawaru [......]
Gold:   179        SH:  0    Dex: 16    Spells: 7/7 levels left

rFire    . . .     SeeInvis .   a - +0 long sword
rCold    + + .     Gourm    .   (no shield)
rNeg     . . .     Faith    .   m - +0 scale mail
rPois    .         Spirit   .   g - +0 helmet
rElec    .         Reflect  .   (no cloak)
rCorr    .         Harm     .   (no gloves)
MR       .....                  k - +0 pair of boots
Stlth    ..........             (no amulet)
HPRegen  0.18/turn              n - ring of protection from cold
MPRegen  0.11/turn              (no ring)

@: extremely drained
A: talons 1, yellow scales 1, cold resistance 1, foul stench 1, rot immunity
a: Renounce Religion


You were on level 5 of the Dungeon.
You worshipped Okawaru.
Okawaru was noncommittal.
You were hungry.

You visited 1 branch of the dungeon, and saw 5 of its levels.
You also visited: Sewer.

You collected 179 gold pieces.

Inventory:

Hand Weapons
 a - a +0 long sword (weapon)
Missiles
 d - 3 throwing nets (quivered)
Armour
 g - a +0 helmet (worn)
 k - a +0 pair of boots (worn)
 m - a +0 scale mail (worn)
 t - a +0 scale mail
Jewellery
 n - a ring of protection from cold (left hand)
 r - a cursed amulet of inaccuracy {unknown}
Wands
 o - a wand of iceblast (7)
 w - a wand of flame (30)
Scrolls
 c - a scroll of teleportation
 e - 3 scrolls of fog
 i - a scroll of amnesia
 s - a scroll of fear
Potions
 b - a potion of flight
 h - a potion of mutation {unknown}
 j - a potion of degeneration {unknown}
 l - 2 potions of heal wounds
 p - a potion of might
 q - a potion of magic {unknown}
 v - a potion of resistance
 x - a potion of haste {unknown}
 z - a potion of brilliance {unknown}
Books
 u - a book of Maledictions

   Spells                             Type                      Level
   a - Corona                         Hexes                        1
   b - Ensorcelled Hibernation        Hexes/Ice                    2
   c - Confuse                        Hexes                        3
   d - Tukima's Dance                 Hexes                        3
   e - Dazzling Spray                 Conjuration/Hexes            3
Comestibles
 f - 10 rations


   Skills:
 - Level 2.0(0.0) Fighting
 - Level 6.1(0.4) Long Blades
 - Level 1.7(0.0) Throwing
 - Level 6.0(0.3) Armour
 + Level 3.6(0.0) Dodging


You had 7 spell levels left.
You didn't know any spells.

Dungeon Overview and Level Annotations

Branches:
Dungeon (5/15)             Temple (0/1) D:5

Altars:
Dithmenos
Okawaru
Qazlal
Ru
Sif Muna
Uskayaw
Xom


Innate Abilities, Weirdness & Mutations

You have sharp toenails.
You are partially covered in yellow scales. (AC +2)
Your flesh is cold resistant. (rC+)
You may emit foul miasma when damaged in melee.
You are immune to rotting.


Message History

You are too injured to fight recklessly!
You are too injured to fight recklessly!
You are too injured to fight recklessly!
The adder skeleton bites you. The ogre hits you with a giant club.
The ogre looks sick.
You hit the ogre.
The ogre is heavily wounded.
The ogre closely misses you.
The phantom blinks!
You closely miss the ogre.
The ogre is heavily wounded.
The ogre hits you with a giant club.
* * * LOW HITPOINT WARNING * * *
You slash the ogre!
The ogre is severely wounded.
The ogre hits you with a giant club!
* * * LOW HITPOINT WARNING * * *
You hit the ogre but do no damage.
The ogre is severely wounded.
The ogre hits you with a giant club.
You die...

########...## #.#
#.# #..## #.# #.#
########.## #.# #.#
.........# #.## #.##
########## #..# #..#
##.# ##.# #.# #.#
#.# #.# #@# #.#
#############O####.#
.............WZ....#
..............####.#
############### #.#
#.# #.# #.# #.#


You could see a phantom, an ogre and an adder skeleton.

Vanquished Creatures
  A sky beast (D:5)
  2 ogres (D:4)
  The ghost of isock the Magician, an amateur GnWn (D:3)
  2 bullfrogs (Sewer)
  A scorpion (D:4)
  2 hounds (D:4)
  A centaur skeleton (D:4)
  2 iguanas (D:4)
  Terence (D:3)
  2 orc wizards
  3 worker ants
  8 adders
  2 river rats (D:3)
  A shadow imp (D:4)
  6 oozes
  2 adder skeletons (D:4)
  2 dart slugs (D:1)
  19 leopard geckos
  11 orcs
  18 giant cockroaches
  4 goblins
  8 hobgoblins
  4 jackals
  2 quokkas
  10 ball pythons
  5 bats
  12 frilled lizards
  6 kobolds
  A quokka skeleton (D:4)
  8 rats
147 creatures vanquished.

Notes
Turn   | Place    | Note
-------+----------+-------------------------------------------
     0 | D:1      | AverageBear the Demonspawn Gladiator began the quest for the Orb.
     0 | D:1      | Reached XP level 1. HP: 16/16 MP: 1/1
   100 | D:1      | Gained mutation: You are partially covered in yellow scales. (AC +2) [demonic ancestry]
   100 | D:1      | Reached XP level 2. HP: 20/22 MP: 2/2
   483 | D:1      | Reached XP level 3. HP: 25/27 MP: 3/3
  1058 | D:2      | Found a sacrificial altar of Ru.
  1076 | D:2      | Gained mutation: You have sharp toenails. [demonic ancestry]
  1076 | D:2      | Reached XP level 4. HP: 33/33 MP: 4/4
  1400 | D:3      | Noticed Terence
  1411 | D:3      | Killed Terence
  1411 | D:3      | Reached skill level 5 in Long Blades
  1527 | D:3      | Noticed isock's ghost (amateur GnWn)
  1548 | D:3      | Killed isock's ghost
  1548 | D:3      | Reached XP level 5. HP: 35/38 MP: 5/5
  1629 | D:3      | Found a glowing drain.
  1664 | Sewer    | Entered a sewer
  1752 | Sewer    | Gained mutation: You are immune to rotting. [demonic ancestry]
  1752 | Sewer    | Reached XP level 6. HP: 44/44 MP: 6/6
  1859 | Sewer    | Reached skill level 1 in Armour
  2761 | D:4      | Gained mutation: Your flesh is cold resistant. (rC+) [demonic ancestry]
  2761 | D:4      | Reached XP level 7. HP: 13/50 MP: 7/7
  3318 | D:4      | Found an iron altar of Okawaru.
  3328 | D:4      | Became a worshipper of Warmaster Okawaru
  3336 | D:4      | Reached skill level 5 in Armour
  3565 | D:4      | Found a shadowy altar of Dithmenos.
  3827 | D:4      | Found a shimmering altar of Xom.
  3828 | D:4      | Found a stormy altar of Qazlal.
  3828 | D:4      | Found a deep blue altar of Sif Muna.
  3831 | D:4      | Found a hide-covered altar of Uskayaw.
  4395 | D:5      | Entered Level 5 of the Dungeon
  4574 | D:5      | Gained mutation: You may emit foul miasma when damaged in melee. [demonic ancestry]
  4574 | D:5      | Reached XP level 8. HP: 40/56 MP: 8/8
  4873 | D:5      | Found a staircase to the Ecumenical Temple.
  5061 | D:5      | HP: 2/56 [ogre/giant club (12)]
  5062 | D:5      | Slain by an ogre

Skill      XL: |  1  2  3  4  5  6  7 |
---------------+----------------------+-----
Long Blades    | 3 4 5 6 |  6.1
Armour         | 3 6 |  6.0
Dodging        | 3 |  3.6
Fighting       | |  2.0
Throwing       | |  1.7

Action                   |  1- 3 |  4- 6 |  7- 9 || total
-------------------------+-------+-------+-------++-------
Melee: Long sword        |    93 |   226 |   178 ||   497
       Kick              |       |    60 |       ||    60
  Use: Scroll            |     1 |     6 |       ||     7
       Potion            |       |     4 |     3 ||     7
 Stab: Paralysed         |     2 |       |       ||     2
  Eat: Chunk             |     1 |     6 |     7 ||    14
Armor: Leather armour    |    26 |       |       ||    26
       Scale mail        |     6 |   159 |   103 ||   268
Dodge: Dodged            |    66 |   171 |    86 ||   323
       Rpst.: Long sword |    23 |    58 |    29 ||   110
